 Seeded DCSS version 0.27-a0-1200-g94dc6ad4cf (webtiles) character file.

Game seed: 1482225061180600175 (custom seed)

71 flotson the Quickloader (level 4, 38/38 HPs)
             Began as a Gnoll Hunter on May 31, 2021.
             Quit the game on level 3 of the Dungeon.
             The game lasted 00:02:32 (1599 turns).

flotson the Quickloader (Gnoll Hunter)              Turns: 1599, Time: 00:02:34

Health: 38/38      AC:  5    Str: 12    XL:     4   Next: 24%
Magic:  5/5        EV: 12    Int: 10    God:
Gold:   50         SH:  0    Dex: 13    Spells: 5/5 levels left

rFire    . . .     SeeInvis .   a - +2 short sword (holy)
rCold    . . .     Faith    .   (no shield)
rNeg     . . .     Spirit   .   j - +0 ring mail
rPois    .         Reflect  .   (no helmet)
rElec    .         Harm     .   (no cloak)
rCorr    +         Rampage  .   (no gloves)
Will     .....                  (no boots)
Stlth    +.........             f - amulet of regeneration
HPRegen  1.12/turn              g - ring of resist corrosion
MPRegen  0.09/turn              (no ring)

@: no status effects
A: fangs 1, strong nose, distributed training
a: no special abilities


You were on level 3 of the Dungeon.
You visited 1 branch of the dungeon, and saw 3 of its levels.

You collected 50 gold pieces.

Inventory:

Hand Weapons
 a - a +2 short sword of holy wrath (weapon)
 b - a +1 hand crossbow
Missiles
 d - 15 bolts
Armour
 j - a +0 ring mail (worn)
Jewellery
 f - an amulet of regeneration (around neck)
 g - a ring of resist corrosion (left hand)
Scrolls
 c - a scroll of immolation {unknown}
 e - a scroll of brand weapon {unknown}
 k - a scroll of vulnerability {unknown}
 l - a scroll of amnesia {unknown}
 m - a scroll of identify {unknown}
Potions
 h - a potion of curing {unknown}
 i - a potion of flight {unknown}


   Skills:
 + Level 4.6 Fighting
 + Level 1.1 Short Blades
 + Level 1.1 Long Blades
 + Level 1.1 Axes
 + Level 1.1 Maces & Flails
 + Level 1.1 Polearms
 + Level 1.1 Staves
 + Level 1.1 Slings
 + Level 1.1 Bows
 + Level 8.5 Crossbows
 + Level 1.1 Throwing
 + Level 1.1 Armour
 + Level 4.6 Dodging
 + Level 2.5 Stealth
 + Level 1.1 Shields
 + Level 1.1 Unarmed Combat
 + Level 1.1 Spellcasting
 + Level 0.8 Conjurations
 + Level 0.8 Hexes
 + Level 0.8 Summonings
 + Level 0.8 Necromancy
 + Level 0.8 Translocations
 + Level 0.8 Transmutations
 + Level 0.8 Fire Magic
 + Level 0.8 Ice Magic
 + Level 0.8 Air Magic
 + Level 0.8 Earth Magic
 + Level 0.8 Poison Magic
 + Level 1.2 Invocations
 + Level 1.1 Evocations


You had 5 spell levels left.
You didn't know any spells.
Your spell library contained the following spells:

 Spells                   Type           Power      Damage    Failure   Level
 Magic Dart               Conj           8%         1d3       50%         1
 Searing Ray              Conj           4%         3d3       63%         2
 Dazzling Flash           Conj/Hex       4%         N/A       86%         3
 Fulminant Prism          Conj/Hex       1%         3d6       99%         4
 Iskenderun's Mystic Bla  Conj/Tloc      2%         2d3       99%         4


Dungeon Overview and Level Annotations

Branches:
Dungeon (3/15)

Altars:

Shops:
D:2 =


Innate Abilities, Weirdness & Mutations

You have very sharp teeth.
Your uncanny sense of smell can sniff out nearby items.
Your experience applies equally to all skills.


Message History

The endoplasm closely misses you.
You hit the endoplasm.
You kill the endoplasm!
No target in view!
No target in view!
No target in view!
No target in view!
Done exploring.
(D) Dungeon
Where to? (Enter - D:2, ? - help)
You see here a +0 club.
There is a stone staircase leading down here.
You climb downwards.
There is a stone staircase leading up here.
Found a spear.
You see here a +0 spear.
A hobgoblin comes into view.
The hobgoblin shouts!
The hobgoblin hits you.
You barely miss the hobgoblin. The hobgoblin hits you.
You hit the hobgoblin.
The hobgoblin is lightly wounded.
The hobgoblin closely misses you.
You hit the hobgoblin. Your bite misses the hobgoblin.
The hobgoblin is heavily wounded.
The hobgoblin hits you but does no damage.
You barely miss the hobgoblin.
You bite the hobgoblin, but do no damage.
The hobgoblin is heavily wounded.
The hobgoblin hits you but does no damage.
You hit the hobgoblin.
You kill the hobgoblin!
No target in view!
No target in view!
No target in view!
No target in view!
No target in view!
Found 25 arrows.
Found a long sword.
Are you sure you want to abandon this character and quit the game? (Confirm with "yes".)

..### ...+.#
..#.# #.#.#
#.###.#.# ###
#....†..#
.....#
######.#.#
#.##.#
#........#####
#.##.##
#.####@......#
#.##.##
.).....######.#
#.##.## .#.###.
#.# #.##.## #.
#.####.#..## #.
#...)....... #.
#######.#.###
.( ........#.#
# #.
.......<#.###
.............


There were no monsters in sight!

Vanquished Creatures
  2 adders (D:2)
  A dart slug (D:1)
  An orc (D:2)
  2 endoplasms
  A giant cockroach (D:1)
  4 goblins
  8 hobgoblins
  3 jackals (D:1)
  4 quokkas
  3 ball pythons
  2 bats
  3 frilled lizards (D:2)
  5 kobolds
  9 rats
48 creatures vanquished.

Vanquished Creatures (others)
  3 demonic plants (D:1)
  7 fungi (D:1)
  6 plants (D:1)
  2 withered plants (D:1)
18 creatures vanquished.

Grand Total: 66 creatures vanquished

Notes
Turn   | Place    | Note
-------+----------+-------------------------------------------
     0 | D:1      | flotson the Gnoll Hunter began the quest for the Orb.
     0 | D:1      | Reached XP level 1. HP: 20/20 MP: 1/1
     6 | D:1      | Noticed a formicid
     8 | D:1      | Noticed a felid
     9 | D:1      | Noticed a minotaur skeleton
    13 | D:1      | Noticed a vine stalker
    13 | D:1      | Noticed an elf
    15 | D:1      | Noticed a human
    15 | D:1      | Noticed a centaur
    17 | D:1      | Noticed a minotaur zombie
    19 | D:1      | Noticed a naga
    21 | D:1      | Noticed a ghoul
    61 | D:1      | Found a faded altar of an unknown god.
    78 | D:1      | Reached XP level 2. HP: 26/26 MP: 2/2
   320 | D:1      | Reached XP level 3. HP: 29/31 MP: 3/3
   970 | D:2      | Reached skill level 1 in Invocations
  1029 | D:2      | Reached skill level 1 in Short Blades
  1029 | D:2      | Reached skill level 1 in Long Blades
  1029 | D:2      | Reached skill level 1 in Axes
  1029 | D:2      | Reached skill level 1 in Maces & Flails
  1029 | D:2      | Reached skill level 1 in Polearms
  1029 | D:2      | Reached skill level 1 in Staves
  1029 | D:2      | Reached skill level 1 in Slings
  1029 | D:2      | Reached skill level 1 in Bows
  1029 | D:2      | Reached skill level 1 in Throwing
  1029 | D:2      | Reached skill level 1 in Armour
  1029 | D:2      | Reached skill level 1 in Shields
  1029 | D:2      | Reached skill level 1 in Unarmed Combat
  1029 | D:2      | Reached skill level 1 in Spellcasting
  1029 | D:2      | Reached skill level 1 in Evocations
  1062 | D:2      | Found Naweufokk's Jewellery Boutique.
  1175 | D:2      | Reached XP level 4. HP: 19/38 MP: 5/5
  1599 | D:3      | Quit the game

Illustrated notes

Levels and vault maps discovered:
D:1:      shiori_arrival_whats_in_store_for_you, layout_rooms,
          shapermc_ecumenical_altar_gd
D:2:      layout_loops_ring, serial_shops, nicolae_shop_statue_plus,
          corexii_leaking_fountain
D:3:      layout_basic, jmf_multi_god_temple2

Skill      XL: |  1  2  3 |
---------------+----------+-----
Invocations    | 1 |  1.2
Short Blades   | 1 |  1.1
Long Blades    | 1 |  1.1
Axes           | 1 |  1.1
Maces & Flails | 1 |  1.1
Polearms       | 1 |  1.1
Staves         | 1 |  1.1
Slings         | 1 |  1.1
Bows           | 1 |  1.1
Throwing       | 1 |  1.1
Armour         | 1 |  1.1
Shields        | 1 |  1.1
Unarmed Combat | 1 |  1.1
Spellcasting   | 1 |  1.1
Evocations     | 1 |  1.1
Fighting       | |  4.6
Crossbows      | |  8.5
Dodging        | |  4.6
Stealth        | |  2.5
Conjurations   | |  0.8
Hexes          | |  0.8
Summonings     | |  0.8
Necromancy     | |  0.8
Translocations | |  0.8
Transmutations | |  0.8
Fire Magic     | |  0.8
Ice Magic      | |  0.8
Air Magic      | |  0.8
Earth Magic    | |  0.8
Poison Magic   | |  0.8

Action                   |  1- 3 |  4- 6 || total
-------------------------+-------+-------++-------
Melee: Short sword       |   101 |    14 ||   115
       Bite              |     6 |     2 ||     8
 Fire: Hand crossbow     |    35 |       ||    35
Armor: Leather armour    |     8 |       ||     8
       Ring mail         |    21 |     3 ||    24
Dodge: Dodged            |    63 |     7 ||    70

Table legend: (Time is in decaauts)
 A = Elapsed time spent in this place.
 B = Non-inter-level travel time spent in this place.
 C = Inter-level travel time spent in this place.
 D = Time resting spent in this place.
 E = Time spent auto-exploring this place.
 F = Levels seen in this place.
 G = Mean time per level.
                   A        B        C        D        E       F      G
               +--------+--------+--------+--------+--------+-----+--------+
         Total |   1603 |   1535 |     68 |      0 |   1210 |   3 |  534.3 |
       Dungeon |   1603 |   1535 |     68 |      0 |   1210 |   3 |  534.3 |
               +--------+--------+--------+--------+--------+-----+--------+

Top non-repeatable levels by time:
     D:1: 872 daAuts
     D:2: 678 daAuts
     D:3: 52 daAuts
